 Dungeon Crawl Stone Soup version 0.20.1-1-g8b1a95d (webtiles) character file.

3229 cochise the Grappler (level 9, -7/84 HPs)
             Began as a Troll Fighter on Sept 11, 2017.
             Was a Follower of Trog.
             Mangled by a two-headed ogre
             ... wielding a +0 giant spiked club
              (14 damage)
             ... on level 8 of the Dungeon.
             The game lasted 00:58:27 (5414 turns).

cochise the Grappler (Troll Fighter)                Turns: 5414, Time: 00:58:28

Health: -7/84      AC:  5    Str: 31    XL:     9   Next: 66%
Magic:  8/8        EV: 10    Int:  4    God:    Trog [*.....]
Gold:   374        SH: 10    Dex:  9    Spells: 8/8 levels left

rFire    . . .     SeeInvis .     - Unarmed
rCold    . . .     Gourm    +   b - +0 shield
rNeg     . . .     Faith    .   l - +0 robe
rPois    +         Spirit   .   (helmet restricted)
rElec    .         Reflect  .   (no cloak)
rCorr    .         Harm     .   (gloves unavailable)
MR       .....                  (boots unavailable)
Stlth    +.........             I - amulet of regeneration
Regen    1.1/turn               x - +2 ring of strength
MPRegen  0.2/turn               c - ring of poison resistance

@: no status effects
A: unfitting armour, claws 3, fast metabolism 3, gourmand, regeneration 1,
shaggy fur 1, tough skin 2
a: Berserk, Burn Spellbooks, Renounce Religion


You were on level 8 of the Dungeon.
You worshipped Trog.
Trog was aware of your devotion.
You were not hungry.

You visited 2 branches of the dungeon, and saw 9 of its levels.

You collected 374 gold pieces.

Inventory:

Hand Weapons
 t - a +4 hunting sling of freezing
 K - a +2 dagger of venom
Missiles
 u - 209 stones (quivered)
 z - 19 poisoned needles
Armour
 b - a +0 shield (worn)
 l - a +0 robe (worn)
 v - a +0 animal skin
Jewellery
 c - a ring of poison resistance (right claw)
 h - an uncursed amulet of faith
 x - a +2 ring of strength (left claw)
 I - an amulet of regeneration (around neck)
Scrolls
 a - 2 scrolls of amnesia {unknown}
 i - a scroll of fog {unknown}
 m - 4 scrolls of enchant weapon {unknown}
 n - 8 scrolls of identify {unknown}
 o - 4 scrolls of immolation {unknown}
 r - 2 scrolls of magic mapping
 y - a scroll of noise {unknown}
 B - a scroll of random uselessness {unknown}
 G - 2 scrolls of remove curse
Potions
 e - a potion of brilliance {unknown}
 f - 2 potions of curing {unknown}
 g - 2 potions of ambrosia {unknown}
 j - 3 potions of degeneration {unknown}
 q - 4 potions of mutation {unknown}
 w - 3 potions of heal wounds {unknown}
 A - 2 potions of cancellation {unknown}
 C - 3 potions of agility {unknown}
 D - a potion of resistance {unknown}
 E - a potion of magic {unknown}
 F - 2 potions of invisibility {unknown}
 H - a potion of lignification {unknown}
Comestibles
 d - 12 bread rations
 k - 5 royal jellies
 p - 4 chunks of flesh
 s - 2 meat rations
 J - 2 mutagenic chunks of flesh


   Skills:
 + Level 4.0 Fighting
   Level 0.3 Maces & Flails
 + Level 0.6(1.0) Slings
 + Level 1.6(1.8) Throwing
 + Level 5.5 Dodging
 + Level 1.3 Stealth
 + Level 5.6 Shields
 + Level 9.4 Unarmed Combat


You had 8 spell levels left.
You didn't know any spells.

Dungeon Overview and Level Annotations

Branches:
Dungeon (8/15)             Temple (1/1) D:4
   Lair: D:8-11

Altars:
Ashenzari
Cheibriados
Dithmenos
Elyvilon
Fedhas
Gozag
Kikubaaqudgha
Makhleb
Nemelex Xobeh
Okawaru
Qazlal
Ru
Sif Muna
Trog
Uskayaw
Vehumet
Xom
Yredelemnul
Zin
The Shining One

Shops:
D:7 ?


Innate Abilities, Weirdness & Mutations

You are too large for most types of armour.
You have claws for hands.
Your metabolism is lightning-fast.
You like to eat raw meat.
Your natural rate of healing is unusually fast.
You are covered in fur. (AC +1)
You have very tough skin. (AC +2)


Message History

Found 25 bolts.
You see here 25 bolts.
A two-headed ogre comes into view.
It is wielding a giant spiked club and a giant club.
The two-headed ogre shouts in stereo!
The two-headed ogre hits you with a giant spiked club!!
The two-headed ogre hits you with a giant club!
Press: ? - help, v - describe, . - travel The floor.
You mangle the two-headed ogre!!
The two-headed ogre is heavily wounded.
The two-headed ogre hits you with a giant spiked club!
The two-headed ogre closely misses you.
You completely miss the two-headed ogre.
The two-headed ogre is heavily wounded.
You claw the two-headed ogre!
The two-headed ogre is severely wounded.
The two-headed ogre hits you with a giant spiked club!!
* * * LOW HITPOINT WARNING * * *
The two-headed ogre hits you with a giant club!
You die...

###############
#......(......#
#.###########.#
#@# #<#.# #O#
#.#.# #.# #.#.#
#.# #.#.# #.#
######.#.####
...
.............
...
.....###.####
... ... #.# .
..#


You could see a two-headed ogre.

Vanquished Creatures
  The ghost of Zgarb the Skirmisher, a novice DsCK of Xom (D:6)
  Grinder (D:6)
  Prince Ribbit (D:5)
  A spriggan (D:8)
  Menkaure (D:4)
  A sky beast (D:8)
  An orc warrior (D:7)
  A phantom (D:4)
  A black bear (D:8)
  An eye of draining (D:6)
  3 ogres
  2 centaurs
  A big kobold (D:8)
  2 bullfrogs (D:6)
  The ghost of ThereIsNoGod the Digger, a weakling DrEE (D:4)
  4 crimson imps (D:6)
  A centaur zombie (D:6)
  A hound (D:6)
  4 orc priests
  2 jellies
  2 bullfrog skeletons
  2 iguanas
  5 orc wizards
  4 worker ants
  A hound skeleton (D:6)
  A howler monkey zombie (D:7)
  2 worker ant zombies (D:6)
  Robin (D:3)
  7 gnolls
  12 adders
  3 oozes
  An adder zombie (D:7)
  3 worms
  A dart slug (D:1)
  3 leopard geckos
  12 orcs
  3 ball pythons
  6 bats
  3 giant cockroaches
  16 goblins
  4 hobgoblins
  2 jackals (D:2)
  3 quokkas
  7 frilled lizards
  A jackal zombie (D:8)
  11 kobolds
  A leopard gecko skeleton (D:4)
  9 rats
157 creatures vanquished.

Notes
Turn   | Place    | Note
-------+----------+-------------------------------------------
     0 | D:1      | cochise the Troll Fighter began the quest for the Orb.
     0 | D:1      | Reached XP level 1. HP: 22/22 MP: 0/0
    68 | D:1      | Found an iron altar of Okawaru.
   148 | D:1      | Reached XP level 2. HP: 21/29 MP: 1/1
   597 | D:2      | Found a radiant altar of Vehumet.
   651 | D:2      | Found a shimmering altar of Xom.
   651 | D:2      | Found a shimmering altar of Xom.
   671 | D:2      | Reached XP level 3. HP: 12/36 MP: 2/2
   672 | D:2      | Found a shimmering altar of Xom.
   870 | D:2      | Found a shimmering altar of Xom.
   871 | D:2      | Found a shimmering altar of Xom.
   985 | D:2      | Found a shadowy altar of Dithmenos.
  1065 | D:2      | Reached XP level 4. HP: 44/44 MP: 3/3
  1644 | D:3      | Reached XP level 5. HP: 50/52 MP: 4/4
  1995 | D:3      | Noticed Robin
  2023 | D:3      | Killed Robin
  2246 | D:4      | Noticed a phantom
  2302 | D:4      | Killed a phantom
  2302 | D:4      | Reached skill level 3 in Unarmed Combat
  2302 | D:4      | Reached XP level 6. HP: 58/59 MP: 5/5
  2371 | D:4      | Found a staircase to the Ecumenical Temple.
  2389 | Temple   | Entered the Ecumenical Temple
  2573 | Temple   | Became a worshipper of Trog the Wrathful
  2775 | D:4      | Noticed ThereIsNoGod's ghost (weakling DrEE)
  2792 | D:4      | Killed ThereIsNoGod's ghost
  2792 | D:4      | Reached skill level 1 in Throwing
  2943 | D:4      | Noticed Menkaure
  2954 | D:4      | Killed Menkaure
  2954 | D:4      | Reached skill level 4 in Unarmed Combat
  3119 | D:4      | Reached XP level 7. HP: 48/67 MP: 6/6
  3159 | D:5      | Entered Level 5 of the Dungeon
  3274 | D:5      | Noticed Prince Ribbit
  3294 | D:5      | HP: 3/100 [Prince Ribbit (13)]
  3299 | D:5      | Killed Prince Ribbit
  3299 | D:5      | Reached skill level 5 in Unarmed Combat
  3398 | D:5      | Reached * piety under Trog
  3767 | D:6      | Reached skill level 1 in Stealth
  3767 | D:6      | Reached skill level 6 in Unarmed Combat
  3767 | D:6      | Reached XP level 8. HP: 69/75 MP: 7/7
  3866 | D:6      | Noticed Zgarb's ghost (novice DsCK)
  3896 | D:6      | Killed Zgarb's ghost
  3896 | D:6      | Reached skill level 7 in Unarmed Combat
  4388 | D:6      | Reached skill level 5 in Shields
  4388 | D:6      | Reached skill level 8 in Unarmed Combat
  4388 | D:6      | Reached XP level 9. HP: 44/83 MP: 0/8
  4441 | D:6      | Noticed Grinder
  4451 | D:6      | Killed Grinder
  4451 | D:6      | Reached skill level 5 in Dodging
  4505 | D:6      | Found a runed door.
  4509 | D:6      | Noticed Crazy Yiuf
  4613 | D:7      | Found Nemowafe's Magic Scroll Boutique.
  4943 | D:7      | Reached ** piety under Trog
  5117 | D:7      | Reached skill level 9 in Unarmed Combat
  5408 | D:8      | Noticed a two-headed ogre
  5414 | D:8      | Mangled by a two-headed ogre

Skill      XL: |  1  2  3  4  5  6  7  8  9 |
---------------+----------------------------+-----
Shields        | 3 4 5 |  5.6
Dodging        | 3 4 5 |  5.5
Unarmed Combat | 3 4 6 8 9 |  9.4
Throwing       | 1 |  1.6
Fighting       | 3 4 |  4.0
Stealth        | 1 |  1.3
Maces & Flails | |  0.3
Slings         | |  0.6

Action                   |  1- 3 |  4- 6 |  7- 9 || total
-------------------------+-------+-------+-------++-------
Melee: Unarmed           |    54 |   183 |   273 ||   510
       Mace              |    61 |       |       ||    61
       Hunting sling     |    15 |       |       ||    15
 Fire: Hunting sling     |    17 |       |       ||    17
Throw: Stone             |    15 |    15 |     6 ||    36
  Use: Scroll            |       |     2 |     2 ||     4
       Potion            |       |       |     3 ||     3
 Stab: Sleeping          |       |       |     2 ||     2
  Eat: Chunk             |    10 |    16 |    17 ||    43
       Meat ration       |       |       |     1 ||     1
Armor: Robe              |    57 |    53 |    46 ||   156
Dodge: Dodged            |    61 |    81 |    99 ||   241
Block: Shield            |    64 |    96 |   126 ||   286
